 Dungeon Crawl Stone Soup version 0.25-a0-294-gea9b1ad378 (webtiles) character file.

Game seed: 1411535197478394232, levelgen mode: deterministic

4279 MoonlitKnight the Basher (level 10, -1/136 HPs)
             Began as a Minotaur Berserker on Dec 17, 2019.
             Was a High Priest of Trog.
             Slain by a death yak (10 damage)
             ... on level 8 of the Dungeon.
             The game lasted 00:13:07 (7605 turns).

MoonlitKnight the Basher (Minotaur Berserker)       Turns: 7605, Time: 00:13:08

Health: -1/136     AC: 12    Str: 29    XL:     10   Next: 10%
Magic:  0/9        EV: 10    Int:  4    God:    Trog [*****.]
Gold:   340        SH:  0    Dex: 11    Spells: 9/9 levels left

rFire    . . .     SeeInvis .   G - +1 dire flail (crush)
rCold    . . .     Gourm    .   (shield currently unavailable)
rNeg     + . .     Faith    .   B - +0 chain mail
rPois    .         Spirit   +   (helmet restricted)
rElec    .         Reflect  .   v - scarf {Spirit}
rCorr    .         Harm     .   F - +0 pair of gloves
MR       ++...                  (no boots)
Stlth    ..........             (no amulet)
HPRegen  1.32/turn              A - ring of positive energy
MPRegen  0.11/turn              (no ring)

@: berserking, regenerating, very quick
A: retaliatory headbutt, horns 2
a: Berserk, Trog's Hand, Brothers in Arms, Renounce Religion


You were on level 8 of the Dungeon.
You worshipped Trog.
Trog was extremely pleased with you.
You were near starving.

You visited 1 branch of the dungeon, and saw 8 of its levels.
You also visited: Sewer.

You collected 340 gold pieces.

Inventory:

Hand Weapons
 a - a +0 flail of holy wrath
 l - a +0 hunting sling
 G - a +1 dire flail of crushing (weapon)
Missiles
 e - 43 poisoned darts (quivered)
 m - 50 sling bullets
 p - 6 datura-tipped darts
Armour
 v - a scarf of spirit shield (worn)
 B - a +0 chain mail (worn)
 F - a +0 pair of gloves (worn)
Jewellery
 f - an uncursed ring of stealth
 q - a +3 ring of dexterity {unknown}
 A - a ring of positive energy (left hand)
Wands
 j - a wand of enslavement (17)
 I - a wand of paralysis (9)
Scrolls
 b - a scroll of enchant weapon {unknown}
 d - 3 scrolls of remove curse
 g - 2 scrolls of fear
 k - 6 scrolls of teleportation
 n - a scroll of blinking {unknown}
 s - 3 scrolls of identify
 y - 2 scrolls of magic mapping {unknown}
 D - a scroll of summoning {unknown}
 H - a scroll of torment {unknown}
Potions
 h - 10 potions of curing {unknown}
 i - a potion of agility {unknown}
 o - 3 potions of flight {unknown}
 r - 2 potions of magic
 t - 2 potions of ambrosia {unknown}
 u - 5 potions of heal wounds {unknown}
 w - a potion of degeneration {unknown}
 x - 3 potions of might {unknown}
 z - 2 potions of brilliance {unknown}
 C - a potion of mutation {unknown}
Comestibles
 c - 15 rations
 E - 23 chunks of flesh


   Skills:
 + Level 9.5 Fighting
 * Level 12.5 Maces & Flails
 + Level 9.2 Armour
 - Level 2.1 Dodging


You had 9 spell levels left.
You didn't know any spells.
Your spell library was empty.

Dungeon Overview and Level Annotations

Branches:
Dungeon (8/15)             Temple (0/1) D:7            Lair (0/6) D:8
  Sewer (visited)

Altars:
Ashenzari
Hepliaklqana
Makhleb
Nemelex Xobeh
Okawaru
Qazlal
Ru
Trog

Shops:
D:6 ?   D:7 =

Annotations:
D:6 3 runed translucent doors, Snowbuddha's ghost, novice OpAs


Innate Abilities, Weirdness & Mutations

You reflexively headbutt those who attack you in melee.
You have a pair of horns on your head.


Message History

You feel resistant to hostile enchantments.
You feel somewhat more hungry. The death yak barely misses you.
A red film seems to cover your vision as you go berserk!
You feel yourself moving faster!
You feel mighty!
You are near starving!
The death yak completely misses you.
You hit the death yak but do no damage. Your headbutt misses the death yak.
The death yak gores you!!
* * * LOW HITPOINT WARNING * * *
You puncture the death yak!
You headbutt the death yak, but do no damage.
The death yak is lightly wounded.
You impale the death yak!! You headbutt the death yak!
The death yak is severely wounded.
The death yak gores you!!
* * * LOW HITPOINT WARNING * * *
You hit the death yak but do no damage.
The death yak is severely wounded.
The death yak closely misses you. The death yak gores you!
You die...

#........ ....... ##........
.. ?..#... ###..#...# . #
....... ##.....##.## #....
..>.Y.. ##.......#..###.....
?...Y!. #.........#.##..#...
....... #.........#.##.##...
.......###.Y.................
.......Y.YOY@......#)##.##...
....##.###..Y.......[)......>
. ...............##)#......
...#####.........##.#..#...
#### #..........#........
#..........#..#.....
#..................#
##.......##....##.##
#...###.#


You could see 4 death yaks, a yak and an ogre.

Vanquished Creatures
  An unseen horror (D:7)
  Pikel (D:7)
  A cyclops (D:7)
  A wyvern (D:7)
  Eustachio (D:5)
  A water moccasin (D:6)
  A sky beast (D:7)
  A phantom (D:3)
  An ice beast (D:5)
  A slave (D:7)
  4 ogres
  A centaur (D:7)
  2 big kobolds (Sewer)
  5 bullfrogs
  2 scorpions
  A water moccasin zombie (D:6)
  A howler monkey (D:5)
  4 crimson imps
  5 hounds
  A bullfrog zombie (D:7)
  5 orc wizards
  6 orc priests
  2 jellies
  2 iguanas (D:6)
  6 worker ants
  3 hound zombies
  A hound skeleton (D:6)
  6 gnolls
  8 adders
  5 river rats (Sewer)
  2 shadow imps
  3 oozes
  2 worms
  2 dart slugs (D:1)
  3 leopard geckos
  31 orcs
  4 bats
  9 giant cockroaches
  6 hobgoblins
  5 jackals
  19 kobolds
  2 quokkas
  7 ball pythons
  9 frilled lizards
  2 goblins (D:2)
  A jackal skeleton (D:5)
  A leopard gecko skeleton (D:4)
  A quokka skeleton (D:5)
  A quokka zombie (D:6)
  28 rats
218 creatures vanquished.

Notes
Turn   | Place    | Note
-------+----------+-------------------------------------------
     0 | D:1      | MoonlitKnight the Minotaur Berserker began the quest for
                  | the Orb.
     0 | D:1      | Reached XP level 1. HP: 19/19 MP: 0/0
   188 | D:1      | Reached skill level 4 in Maces & Flails
   348 | D:1      | Reached XP level 2. HP: 27/27 MP: 1/1
   899 | D:2      | Reached XP level 3. HP: 28/33 MP: 2/2
  1207 | D:2      | Found a bloodstained altar of Trog.
  1354 | D:2      | Reached ** piety under Trog
  1417 | D:2      | Found a sparkling altar of Nemelex Xobeh.
  1985 | D:3      | Reached XP level 4. HP: 40/40 MP: 3/3
  2007 | D:3      | Reached skill level 5 in Maces & Flails
  2087 | D:3      | Found a hazy altar of Hepliaklqana.
  2176 | D:3      | Noticed a phantom
  2196 | D:3      | Killed a phantom
  2196 | D:3      | Reached XP level 5. HP: 30/47 MP: 4/4
  2773 | D:4      | Noticed an ogre
  2781 | D:4      | Killed an ogre
  2781 | D:4      | Reached skill level 5 in Fighting
  2781 | D:4      | Reached skill level 6 in Maces & Flails
  2781 | D:4      | Reached XP level 6. HP: 56/56 MP: 5/5
  2992 | D:4      | Found a glowing drain.
  2998 | Sewer    | Entered a sewer
  3081 | Sewer    | Reached *** piety under Trog
  3316 | Sewer    | Reached skill level 7 in Maces & Flails
  3335 | Sewer    | Reached skill level 5 in Armour
  3615 | D:4      | Reached XP level 7. HP: 59/62 MP: 6/6
  3912 | D:4      | Reached **** piety under Trog
  4082 | D:5      | Entered Level 5 of the Dungeon
  4100 | D:5      | Noticed Eustachio
  4166 | D:5      | Killed Eustachio
  4166 | D:5      | Reached skill level 8 in Maces & Flails
  4901 | D:5      | Found a burning altar of Makhleb.
  4984 | D:5      | Reached XP level 8. HP: 62/71 MP: 5/7
  5427 | D:6      | Found a runed translucent gate.
  5427 | D:6      | Found a runed translucent gate.
  5427 | D:6      | Found a runed translucent gate.
  5449 | D:6      | Reached skill level 9 in Maces & Flails
  5653 | D:6      | Noticed Snowbuddha's ghost (novice OpAs)
  5681 | D:6      | Found a shattered altar of Ashenzari.
  6070 | D:6      | Found an iron altar of Okawaru.
  6289 | D:6      | Found Biejocko's Magic Scroll Shop.
  6326 | D:6      | Reached skill level 10 in Maces & Flails
  6416 | D:6      | Found a stormy altar of Qazlal.
  6479 | D:6      | Found a sacrificial altar of Ru.
  6739 | D:7      | Noticed Pikel
  6752 | D:7      | Killed Pikel
  6752 | D:7      | Reached skill level 11 in Maces & Flails
  6752 | D:7      | Reached XP level 9. HP: 81/81 MP: 6/8
  6854 | D:7      | Reached ***** piety under Trog
  6854 | D:7      | Received a gift from Trog
  7049 | D:7      | Found Zipn's Jewellery Shoppe.
  7083 | D:7      | Found a staircase to the Ecumenical Temple.
  7205 | D:7      | Noticed a cyclops
  7211 | D:7      | Killed an unseen horror
  7211 | D:7      | Reached skill level 12 in Maces & Flails
  7217 | D:7      | Killed a cyclops
  7217 | D:7      | Reached XP level 10. HP: 44/91 MP: 4/9
  7587 | D:8      | Noticed a death yak
  7587 | D:8      | Noticed a death yak
  7588 | D:8      | Found a staircase to the Lair.
  7589 | D:8      | Noticed a death yak
  7589 | D:8      | Noticed a death yak
  7589 | D:8      | Noticed a death yak
  7605 | D:8      | Slain by a death yak

Levels and vault maps discovered:
D:1:      dpeg_arrival_three_bigger_balls, layout_basic
D:2:      layout_basic, nicolae_overflow_crystal_walls,
          nicolae_overflow_hidden_temple
D:3:      layout_loops_ring, lemuel_doored_altar
D:4:      layout_loops_ring, portal_sewer_entry_e
D:5:      layout_basic, marbit_many_paths, first_ration,
          minmay_tree_intersection, grunt_ministairs_11, uniq_eustachio
D:6:      layout_gridville, okawaru_gym_becter, kennysheep_mini_moat,
          nicolae_ashenzari_panopticon, nicolae_ru_sacrificial_ziggurat,
          serial_shops, nicolae_shop_trees, gammafunk_ghost_necromancy
D:7:      minmay_chambers_of_sixes, layout_basic, minmay_temple_entry_junction,
          serial_shops, shop_fountains, uniq_pikel
D:8:      layout_rooms, kb_xom_exploding_sheep, overflow_temple_1_default,
          dpeg_lair_monsters, minmay_misc_feat_tiny

Skill      XL: |  1  2  3  4  5  6  7  8  9 |
---------------+----------------------------+-----
Maces & Flails | 4 5 6 7 8 11 12 | 12.5
Fighting       | 4 5 6 8 9 |  9.5
Armour         | 3 4 5 6 7 9 |  9.2
Dodging        | |  2.1

Action                   |  1- 3 |  4- 6 |  7- 9 | 10-12 || total
-------------------------+-------+-------+-------+-------++-------
Melee: Mace              |    68 |    99 |       |       ||   167
       Headbutt          |    15 |    21 |    61 |    13 ||   110
       Whip              |       |    29 |   101 |       ||   130
       Flail             |       |       |   185 |       ||   185
       Dire flail        |       |       |    29 |    42 ||    71
Invok: Berserk           |       |     1 |     3 |     1 ||     5
       Trog's Hand       |       |       |       |     1 ||     1
  Use: Scroll            |       |     6 |       |       ||     6
 Stab: Sleeping          |     1 |       |       |       ||     1
  Eat: Chunk             |     3 |     6 |    15 |     1 ||    25
Armor: Animal skin       |    11 |       |       |       ||    11
       Scale mail        |     3 |    75 |     4 |       ||    82
       Chain mail        |       |       |   150 |    14 ||   164
Dodge: Dodged            |    37 |    93 |   134 |    12 ||   276

Table legend:
 A = Non-vault XP
 B = Vault XP
 C = Vault XP percentage of total XP
 D = Non-vault monster count
 E = Vault monster count
 F = Vault count percentage of total count
                 A         B        C        D         E       F
            +---------+---------+-------+---------+---------+-------
      Total |    3378 |    2736 |  44.7 |     150 |      67 |  30.9
            +---------+---------+-------+---------+---------+-------
        D:1 |      32 |       0 |   0.0 |      14 |       0 |   0.0
        D:2 |      63 |       0 |   0.0 |      19 |       0 |   0.0
        D:3 |     173 |       0 |   0.0 |      18 |       0 |   0.0
        D:4 |     217 |      13 |   5.7 |      14 |       8 |  36.4
        D:5 |     363 |     354 |  49.4 |      17 |       4 |  19.0
        D:6 |     962 |       0 |   0.0 |      29 |       0 |   0.0
        D:7 |    1003 |    2033 |  67.0 |      22 |       7 |  24.1
        D:8 |     565 |       0 |   0.0 |      17 |       0 |   0.0
      Sewer |       0 |     336 | 100.0 |       0 |      48 | 100.0
            +---------+---------+-------+---------+---------+-------
